 Dungeon Crawl Stone Soup version 0.29.1-15-g9cfb28693d (webtiles) character file.

Game seed: 12215037746247271931

2061 tizbic2 the Trooper (level 9, -2/60 (62) HPs)
             Began as an Octopode Artificer on Apr 24, 2023.
             Was a Plaything of Xom.
             Slain by a gnoll
             ... wielding a +1 whip of chaos
             ... led by a gnoll sergeant
              (8 damage)
             ... on level 6 of the Dungeon.
             The game lasted 00:25:08 (4077 turns).

tizbic2 the Trooper (Octopode Artificer)            Turns: 4077, Time: 00:25:08

HP:   -2/60 (62)    AC:  1    Str: 31    XL:     9   Next: 25%
MP:   14/15         EV: 12    Int: 19    God:    Xom [.*....]
Gold: 330           SH: 11    Dex: 12    Spells: 9/16 levels left

rFire   + . .      SeeInvis .   d - +1 hand axe (vamp)
rCold   . . .      Faith    .   G - +3 buckler of Beyond {Will- Str+9 Int+2 Stlth+}
rNeg    . . .      Spirit   .   (helmet currently unavailable)
rPois   .          Reflect  +   t - amulet of reflection
rElec   .          Harm     .   q - ring of wizardry
rCorr   .          Rampage  .   I - +6 ring of intelligence
Will    .....      Clarity  +   (no ring)
Stlth   +++++.....              (no ring)
HPRegen 1.00/turn               (no ring)
MPRegen 0.14/turn               (no ring)
                                (no ring)
                                (no ring)

@: lethally poisoned (-2 -> -14), appendages, lightly drained
A: tentacle spike 3, almost no armour, amphibious, 8 rings, camouflage 2,
gelatinous body 1, (nimble swimmer 1), tentacles, clarity, fire resistance 1,
regeneration 1, strong 2
a: End Transformation, Renounce Religion


You were on level 6 of the Dungeon.
You worshipped Xom.
You were a plaything of Xom.
One of your tentacles had grown a beastly spike.
You visited 2 branches of the dungeon, and saw 7 of its levels.

You collected 348 gold pieces.
You spent 18 gold pieces at shops.

Inventory:

Hand Weapons
 a - the +11 dagger of Defilement {flame, Str+3 Int+4}
   (You found it on level 4 of the Dungeon)

   It burns those it strikes, dealing additional fire damage.
   Str:       It affects your strength (+3).
   Int:       It affects your intelligence (+4).
 d - a +1 vampiric hand axe (weapon)
 w - a +1 sling
 y - a +1 spear of flaming
 z - a +0 quarterstaff
 A - a +0 sling
 F - a +0 shortbow
Missiles
 e - 29 stones (quivered)
 g - 5 poisoned darts
 i - 3 boomerangs
 o - 3 throwing nets
Armour
 B - a +0 kite shield
 G - the +3 buckler of Beyond (worn) {Will- Str+9 Int+2 Stlth+}
   (You found it on level 6 of the Dungeon)

   Str:       It affects your strength (+9).
   Int:       It affects your intelligence (+2).
   Will:      It decreases your willpower.
   Stlth:     It makes you more stealthy.
Jewellery
 q - a ring of wizardry (left tentacle)
 t - an amulet of reflection (around mantle)
 I - a +6 ring of intelligence (right tentacle)
Wands
 b - a wand of flame (8)
 c - a wand of charming (13)
 r - a wand of digging (2)
 s - a wand of mindburst (13)
 u - a wand of iceblast (6)
Scrolls
 f - 6 scrolls of identify
 k - 2 scrolls of immolation
 m - a scroll of blinking
 p - a scroll of teleportation
 v - 2 scrolls of fog
 D - a scroll of acquirement {unknown}
Potions
 h - 2 potions of might {unknown}
 j - 2 potions of curing
 l - 2 potions of resistance
 n - a potion of berserk rage
 x - 2 potions of heal wounds
 E - a potion of flight {unknown}
 H - a potion of lignification {unknown}


   Skills:
 * Level 5.8 Fighting
 + Level 4.2 Staves
 - Level 2.3 Dodging
 - Level 1.3 Stealth
 * Level 5.2 Unarmed Combat
 * Level 4.4 Spellcasting
 * Level 4.9 Transmutations
 - Level 3.9 Evocations


You had 9 spell levels left.
You knew the following spells:

 Your Spells              Type           Power      Damage    Failure   Level
a - Beastly Appendage     Tmut           46%        N/A       1%          1
b - Searing Ray           Conj           8%         2d4       11%         2
c - Fulminant Prism       Conj/Hex       2%         3d6       54%         4

Your spell library contained the following spells:

 Spells                   Type           Power      Damage    Failure   Level
 Passwall                 Tmut/Erth      10%        N/A       4%          2
 Magic Dart               Conj           16%        1d3       8%          1
 Sandblast                Erth           8%         2d5       8%          1
 Borgnjor's Vile Clutch   Necr/Erth      2%         N/A       86%         5
 Dragon Form              Tmut           11%        N/A       100%        7
 Malign Gateway           Summ/Tloc      2%         N/A       100%        7
 Summon Horrible Things   Summ           2%         N/A       100%        8


Dungeon Overview and Level Annotations

Branches:
Dungeon (6/15)             Temple (1/1) D:6

Altars:
Ashenzari
Cheibriados
Dithmenos
Elyvilon
Fedhas
Gozag
Hepliaklqana
Kikubaaqudgha
Makhleb
Nemelex Xobeh
Okawaru
Ru
Sif Muna
Trog
Uskayaw
Vehumet
Wu Jian
Xom
Yredelemnul
The Shining One

Shops:
D:2 *


Innate Abilities, Weirdness & Mutations

One of your tentacles has grown a beastly spike.
You cannot wear most types of armour.
You are amphibious.
You can wear up to eight rings at the same time.
Your skin blends seamlessly with your surroundings (Stealth++).
Your rubbery body absorbs attacks. (AC +1, EV +1)
((You are camouflaged when in or above water. (Stealth+)))
You have tentacles for arms and can constrict up to eight enemies at once.
You possess an exceptional clarity of mind.
Your flesh is heat resistant. (rF+)
Your natural rate of healing is unusually fast.
Your muscles are very strong. (Str +8, Int/Dex -2)


Message History

You fail to extend your transformation any further.
You feel sick. You block the gnoll sergeant's attack.
You feel sick. You block the gnoll sergeant's attack.
The gnoll hits you with a +0 whip.
Things that are here:
a +0 whip; a +0 flail You hit the gnoll sergeant but do no damage.
You grab the gnoll sergeant.
You pierce the gnoll sergeant, but do no damage.
You tentacle-slap the gnoll sergeant. The gnoll sergeant blocks your attack.
The gnoll sergeant is severely wounded.
You barely miss the gnoll.
You constrict the gnoll sergeant, but do no damage.
You feel sick.
The gnoll sergeant hits you with a +3 spear of venom!
You are more poisoned.
The gnoll barely misses you. The gnoll sergeant blocks your attack.
Your tentacle spike misses the gnoll sergeant.
You squeeze the gnoll sergeant, but do no damage.
The gnoll sergeant is severely wounded.
You closely miss the gnoll. You constrict the gnoll sergeant.
You feel very sick.
Xom's power touches on a nearby weapon.
The gnoll's +0 whip erupts in a glittering mayhem of colour.
The gnoll sergeant hits you with a +3 spear of venom!
You are more poisoned.
The gnoll barely misses you.
You hit the gnoll sergeant but do no damage.
You pierce the gnoll sergeant.
The gnoll sergeant is almost dead.
You hit the gnoll. You constrict the gnoll sergeant.
You kill the gnoll sergeant!
You feel extremely sick.
The gnoll hits you with a +1 whip of chaos!
* * * LOW HITPOINT WARNING * * *
You feel drained.
* * * LOW HITPOINT WARNING * * *
The gnoll hits you with a +1 whip of chaos!
You die...

***,****************,*,,,*
*,,,,,,,...*,,,,,,,,,,,,,,
*,*,****#.#*,*******,**,*,
*,*,****#.##.# ****+**,*,
*,*,*,,,...#.# *,,,,,*,**
*,*,***,#..#.# *,,,,,*,**
*,*,,,,,#).#.# *,,,,,*,**
*,******#)g#.# *,,,,,*,*
*,,,,,,,#@)#.# *,,,,,*,*
*******,#..#.#######+#*,*
*,#.............,,*
#....#...#####.****
########.# *,* #.# *,* *
#.# *,* *** #.# *,* *,,
#.# *,* *,,


You could see a gnoll.

Vanquished Creatures
  A steam dragon (D:4)
  The ghost of om the Magician, an amateur DjHW of Ashenzari (D:4)
  An ice beast (D:4)
  A black bear (D:4)
  4 ogres
  A centaur (D:5)
  2 phantoms
  A kobold brigand (D:4)
  2 bullfrogs
  A gnoll sergeant (D:6)
  2 necrophages
  4 crimson imps (D:4)
  2 orc priests (D:5)
  Jessica (D:3)
  2 orc wizards (D:4)
  8 gnolls
  11 adders
  An ufetubus (D:4)
  3 worms
  2 dart slugs
  13 orcs
  9 endoplasms
  A giant cockroach (D:1)
  8 goblins
  8 hobgoblins
  3 jackals (D:5)
  5 quokkas
  6 ball pythons
  4 bats
  8 frilled lizards
  6 kobolds
  7 rats
129 creatures vanquished.

Vanquished Creatures (collateral kills)
  An ogre (D:5)
  A phantom (D:5)
  A hound (D:5)
  A bat (D:2)
4 creatures vanquished.

Vanquished Creatures (others)
  A fulminant prism (D:4)
1 creature vanquished.

Grand Total: 134 creatures vanquished

Notes
Turn   | Place    | Note
-------+----------+-------------------------------------------
     0 | D:1      | tizbic2 the Octopode Artificer began the quest for the Orb.
     0 | D:1      | Reached XP level 1. HP: 13/13 MP: 1/1
    60 | D:1      | Found a faded altar of an unknown god.
    67 | D:1      | Prayed at the altar of an unknown god.
    67 | D:1      | Became a worshipper of Xom the Less-Predictable
   220 | D:1      | XOM: silly message
   282 | D:1      | Reached XP level 2. HP: 18/18 MP: 2/2
   334 | D:1      | Reached skill level 1 in Staves
   408 | D:1      | XOM: silly message
   461 | D:1      | XOM: torment (10/18 hp)
   479 | D:1      | XOM: butterfly on damage
   615 | D:1      | Reached XP level 3. HP: 11/24 MP: 3/3
   721 | D:1      | XOM: 5-stop teleportation journey
  1390 | D:2      | XOM: god gift: Xom's Quarto of the Eleven Ears {god gift}
  1391 | D:2      | Got Xom's Quarto of the Eleven Ears {god gift}
  1397 | D:2      | Learned a level 1 spell: Beastly Appendage
  1426 | D:2      | HP: 1/24 [adder (3)]
  1440 | D:2      | Found Onugusur's General Store.
  1582 | D:2      | Bought a +0 sling for 18 gold pieces
  1588 | D:2      | Reached XP level 4. HP: 25/30 MP: 4/4
  1597 | D:2      | Learned a level 1 spell: Sandblast
  1752 | D:2      | XOM: give mutations
  1752 | D:2      | Gained mutation: Your natural rate of healing is unusually
                  | fast. [Xom's grace]
  1752 | D:2      | Gained mutation: Your muscles are strong. (Str +4, Int/Dex
                  | -1) [Xom's grace]
  1887 | D:3      | Found a broken altar of Ashenzari.
  1907 | D:3      | Reached skill level 1 in Unarmed Combat
  1959 | D:3      | Noticed Jessica
  1966 | D:3      | Killed Jessica
  2184 | D:3      | Reached XP level 5. HP: 35/35 MP: 5/5
  2345 | D:4      | Identified the +11 dagger of Defilement {flame, Str+3
                  | Int+4}
  2373 | D:4      | Found an ornate altar of the Wu Jian Council.
  2381 | D:4      | Noticed a spectral centipede
  2381 | D:4      | Noticed a spectral black mamba
  2381 | D:4      | Noticed a spectral cane toad
  2404 | D:4      | Found a shimmering altar of Xom.
  2408 | D:4      | XOM: scenery: 1 doors close
  2415 | D:4      | XOM: summons 2 friendly demons
  2423 | D:4      | Reached skill level 1 in Transmutations
  2430 | D:4      | Noticed an ice beast
  2437 | D:4      | XOM: butterfly on damage
  2451 | D:4      | Killed an ice beast
  2452 | D:4      | Reached skill level 1 in Spellcasting
  2452 | D:4      | Reached XP level 6. HP: 13/42 MP: 6/8
  2458 | D:4      | XOM: cast spell 'Death Channel'
  2510 | D:4      | Noticed a black bear
  2520 | D:4      | Killed a black bear
  2521 | D:4      | Reached XP level 7. HP: 20/47 MP: 8/10
  2545 | D:4      | XOM: confuse monster(s)
  2654 | D:4      | Noticed a steam dragon
  2664 | D:4      | Killed a steam dragon
  2665 | D:4      | Reached XP level 8. HP: 35/54 MP: 10/12
  2694 | D:4      | XOM: give mutations
  2694 | D:4      | Gained mutation: You possess an exceptional clarity of
                  | mind. [Xom's grace]
  2694 | D:4      | Gained mutation: You have hidden genetic potential. [Xom's
                  | grace]
  2694 | D:4      | Gained mutation: Your skin blends seamlessly with your
                  | surroundings (Stealth++). [Xom's grace]
  2694 | D:4      | Lost mutation: You have hidden genetic potential. [Xom's
                  | grace]
  2694 | D:4      | Gained mutation: You are somewhat resistant to further
                  | mutation. [Xom's grace]
  2891 | D:4      | Learned a level 4 spell: Fulminant Prism
  2916 | D:4      | Found a runed translucent gate.
  2916 | D:4      | Found a runed translucent gate.
  2916 | D:4      | Found a runed translucent gate.
  2917 | D:4      | Noticed om's ghost (amateur DjHW)
  2937 | D:4      | Killed om's ghost
  2979 | D:5      | Entered Level 5 of the Dungeon
  3033 | D:5      | Reached skill level 5 in Fighting
  3075 | D:5      | XOM: give mutations
  3075 | D:5      | Gained mutation: Your muscles are very strong. (Str +8,
                  | Int/Dex -2) [Xom's grace]
  3075 | D:5      | Gained mutation: Your flesh is heat resistant. (rF+) [Xom's
                  | grace]
  3127 | D:5      | XOM: summons friendly white imp
  3142 | D:5      | XOM: silly message
  3159 | D:5      | Reached XP level 9. HP: 61/61 MP: 15/15
  3163 | D:5      | Found an ancient bone altar of Kikubaaqudgha.
  3163 | D:5      | Found a sacrificial altar of Ru.
  3261 | D:5      | Reached skill level 5 in Unarmed Combat
  3704 | D:6      | Found a staircase to the Ecumenical Temple.
  3708 | D:6      | Identified the +3 buckler of Beyond {Will- Str+9 Int+2
                  | Stlth+}
  3733 | Temple   | Entered the Ecumenical Temple
  3967 | D:6      | Learned a level 2 spell: Searing Ray
  3976 | D:6      | XOM: give mutation
  3976 | D:6      | Lost mutation: You are somewhat resistant to further
                  | mutation. [Xom's mischief]
  4076 | D:6      | XOM: chaos upgrade
  4077 | D:6      | Slain by a gnoll

Illustrated notes

Levels and vault maps discovered:
D:1:      shiori_arrival_maze, layout_basic,
          hellmonk_ecumenical_altar_slurped_away
D:2:      layout_basic, serial_shops, shop
D:3:      wad_crossroads, layout_rooms, evilmike_ruin_ashenzari,
          grunt_decor_mini_mirrors, uniq_jessica
D:4:      minmay_octagon_keep, layout_rooms, pdpol_wu_jian_five_deadly_venoms,
          led_xom_imps, ebering_ghost_rock_garden, kennysheep_generic_room_3
D:5:      layout_loops_ring, nicolae_overflow_two_pavilions
D:6:      layout_basic, zin_treasury, minmay_temple_entry_ruins,
          chequers_ossuary_entry_cave
Temple:   nicolae_temple_bog_church

Skill      XL: |  1  2  3  4  5  6  7  8  9 |
---------------+----------------------------+-----
Staves         | 1 2 3 4 |  4.2
Fighting       | 2 3 4 5 |  5.8
Unarmed Combat | 1 2 3 4 5 |  5.2
Transmutations | 1 2 3 4 |  4.9
Spellcasting   | 1 2 4 |  4.4
Dodging        | |  2.3
Stealth        | |  1.3
Evocations     | |  3.9

Action                   |  1- 3 |  4- 6 |  7- 9 || total
-------------------------+-------+-------+-------++-------
Melee: Club              |     7 |       |       ||     7
       Tentacles         |    11 |    11 |    20 ||    42
       Constrict         |    11 |    16 |    24 ||    51
       Spear             |    56 |       |     5 ||    61
       Hand axe          |     4 |    38 |    15 ||    57
       Punch             |     2 |       |     5 ||     7
       Kick              |       |     3 |    15 ||    18
       Dagger            |       |    29 |    67 ||    96
       Sling             |       |       |    15 ||    15
 Fire: Sling             |     2 |     9 |    22 ||    33
Throw: Stone             |     9 |     2 |       ||    11
       Boomerang         |     6 |     1 |     2 ||     9
       Dart              |     1 |       |       ||     1
 Cast: Beastly Appendage |     1 |     9 |    12 ||    22
       Sandblast         |       |     7 |     8 ||    15
       Fulminant Prism   |       |       |     1 ||     1
Evoke: Wand              |     8 |     1 |    10 ||    19
  Use: Scroll            |     5 |     3 |     5 ||    13
       Potion            |     1 |     1 |       ||     2
 Stab: Sleeping          |     6 |     3 |     1 ||    10
       Distracted        |       |     1 |       ||     1
Armor: Skin              |     5 |     4 |     5 ||    14
Dodge: Dodged            |    43 |    39 |    57 ||   139
Block: Other             |       |    12 |    10 ||    22
       Kite shield       |       |       |    32 ||    32
       Buckler           |       |       |    11 ||    11
